DBL
MILWAUKEE CREAMS @ CHARLOTTE KNIGHTS
07/05/1997
 
TOP OF THE 1ST
Milwaukee Creams batting - Pitching for Charlotte Knights : RHP Kevin Tapani
Pitching: RHP Kevin Tapani
Batting: RHB Mark Loretta 0-0: Ball
1-0: SINGLE (Groundball, 56D, EV 102.5 MPH)
Batting: SHB Chipper Jones 0-0: Ball
1-0: Swinging Strike
Pickoff Throw to First - Out! 1-3
1-1: Ball
2-1: Foul Ball, location: 2F
2-2: Ball
3-2: Fly out, F7 (Flyball, 7LS, EV 89.4 MPH)
Batting: SHB Ken Caminiti 0-0: Called Strike
0-1: Called Strike
0-2: Ball
1-2: Foul Ball, location: 2F
1-2: Strikes out looking
Top of the 1st over - 0 runs, 1 hit, 0 errors, 0 left on base; Milwaukee 0 - Charlotte 0
BOTTOM OF THE 1ST
Charlotte Knights batting - Pitching for Milwaukee Creams : LHP Teddy Higuera
Pitching: LHP Teddy Higuera
Batting: SHB Carl Everett 0-0: Ball
1-0: Foul Ball, location: 2F
1-1: Foul Ball, location: 2F
1-2: Fly out, F9 (Flyball, 9S, EV 88.1 MPH)
Batting: LHB Jason Giambi 0-0: Ball
1-0: Ball
2-0: Called Strike
2-1: SINGLE (Groundball, 6D, EV 101.3 MPH)
Batting: RHB Shane Mack 0-0: Ball
1-0: Ball
2-0: SINGLE (Line Drive, 8LS, EV 91.3 MPH)
Jason Giambi to second
Batting: RHB Nomar Garciaparra 0-0: Called Strike
0-1: Fly out, F9 (Line Drive, 9D, EV 98.8 MPH)
Batting: SHB David Segui 0-0: Ball
1-0: Swinging Strike
1-1: Ball
2-1: Fielders Choice at 2nd, 5-4 (Groundball, 56, EV 105.0 MPH)
Bottom of the 1st over - 0 runs, 2 hits, 0 errors, 2 left on base; Milwaukee 0 - Charlotte 0
TOP OF THE 2ND
Milwaukee Creams batting - Pitching for Charlotte Knights : RHP Kevin Tapani
Batting: LHB Carlos Delgado 0-0: Ball
1-0: Ball
2-0: Called Strike
2-1: Called Strike
2-2: Foul Ball, location: 2F
2-2: Strikes out swinging
Batting: LHB John Elway 0-0: Foul Ball, location: 2F
0-1: Swinging Strike
0-2: Foul Ball, location: 2F
0-2: Ball
1-2: Strikes out swinging
Batting: LHB Steve Finley 0-0: DOUBLE (Groundball, 3L, EV 111.3 MPH)
Batting: RHB Brad Ausmus 0-0: Ball
1-0: Ball
2-0: Ball
3-0: Called Strike
3-1: Foul Ball, location: 2F
3-2: Foul Ball, location: 2F
3-2: Foul Ball, location: 2F
3-2: SINGLE (Line Drive, 7S, EV 108.8 MPH)
Steve Finley to third
Steve Finley scores
Batting: RHB Rey Sanchez 0-0: Called Strike
0-1: SINGLE (Line Drive, 89M, EV 96.9 MPH)
Brad Ausmus to second
Runner from 2nd tries for 3rd, SAFE, throw by CF made to third
Batting: LHB Tom Goodwin 0-0: Called Strike
0-1: Ball
1-1: Ball
2-1: Foul Ball, location: 2F
2-2: SINGLE (Line Drive, 4MD, EV 95.6 MPH)
Brad Ausmus scores
Rey Sanchez to second
Runner from 2nd tries for 3rd, SAFE, throw by CF made to third
Batting: RHB Mark Loretta 0-0: SINGLE (Flyball, 9S, EV 91.9 MPH)
Rey Sanchez scores
Tom Goodwin to second
Runner from 2nd tries for 3rd, OUT! 9-5
Top of the 2nd over - 3 runs, 5 hits, 0 errors, 1 left on base; Milwaukee 3 - Charlotte 0
BOTTOM OF THE 2ND
Charlotte Knights batting - Pitching for Milwaukee Creams : LHP Teddy Higuera
Batting: RHB Tony Batista 0-0: Ball
1-0: Ball
2-0: Foul Ball, location: 2F
2-1: Ball
3-1: Foul Ball, location: 2F
3-2: Ground out 4-3 (Groundball, 4M, EV 98.1 MPH)
Batting: RHB Todd Zeile 0-0: Ball
1-0: Ball
2-0: Ground out 6-3 (Groundball, 6D, EV 82.5 MPH)
Batting: RHB Ruben Rivera 0-0: Ball
1-0: Swinging Strike
1-1: Ball
2-1: Foul Ball, location: 2F
2-2: Foul Ball, location: 2F
2-2: Ball
3-2: Base on Balls
Batting: SHB Neifi Perez 0-0: Called Strike
0-1: Foul Ball, location: 2F
0-2: Ball
1-2: SINGLE (Groundball, 6MD, EV 97.5 MPH)
Ruben Rivera to second
Ruben Rivera to third
Batting: SHB Carl Everett 0-0: Ball
1-0: Foul Ball, location: 2F
1-1: Ball
2-1: Ball
3-1: Hit by Pitch
Neifi Perez to second
Batting: LHB Jason Giambi 0-0: Ground out 4-3 (Groundball, 4, EV 81.3 MPH)
Bottom of the 2nd over - 0 runs, 1 hit, 0 errors, 3 left on base; Milwaukee 3 - Charlotte 0
TOP OF THE 3RD
Milwaukee Creams batting - Pitching for Charlotte Knights : RHP Kevin Tapani
Batting: SHB Chipper Jones 0-0: Ball
1-0: Fly out, F8 (Flyball, 89D, EV 82.5 MPH)
Batting: SHB Ken Caminiti 0-0: Ball
1-0: Foul Ball, location: 2F
1-1: Ball
2-1: Fly out, F8 (Flyball, 78S, EV 71.3 MPH)
Batting: LHB Carlos Delgado 0-0: Ball
1-0: Ball
2-0: Called Strike
2-1: Called Strike
2-2: Strikes out swinging
Top of the 3rd over - 0 runs, 0 hits, 0 errors, 0 left on base; Milwaukee 3 - Charlotte 0
BOTTOM OF THE 3RD
Charlotte Knights batting - Pitching for Milwaukee Creams : LHP Teddy Higuera
Batting: RHB Shane Mack 0-0: Called Strike
0-1: SINGLE (Line Drive, 89S, EV 104.4 MPH)
Batting: RHB Nomar Garciaparra 0-0: DOUBLE (Line Drive, 9LS, EV 94.4 MPH)
Shane Mack to third
Runner from 3rd tries for Home, SAFE, throw by RF to home
Batting: SHB David Segui 0-0: Foul Ball, location: 2F
0-1: Ball
1-1: Called Strike
1-2: Ball
2-2: Strikes out looking
Batting: RHB Tony Batista 0-0: Ground out 4-3 (Groundball, 4, EV 101.3 MPH)
Nomar Garciaparra to third
Batting: RHB Todd Zeile 0-0: Swinging Strike
0-1: Called Strike
0-2: Foul Ball, location: 2F
0-2: Strikes out swinging
Bottom of the 3rd over - 1 run, 2 hits, 0 errors, 1 left on base; Milwaukee 3 - Charlotte 1
TOP OF THE 4TH
Milwaukee Creams batting - Pitching for Charlotte Knights : RHP Kevin Tapani
Batting: LHB John Elway 0-0: Called Strike
0-1: Swinging Strike
0-2: Ball
1-2: Ball
2-2: Strikes out looking
Batting: LHB Steve Finley 0-0: Bunted foul
0-1: Fly out, F9 (Flyball, 9LDF, EV 107.5 MPH)
Batting: RHB Brad Ausmus 0-0: Called Strike
0-1: Swinging Strike
0-2: Ball
1-2: Strikes out swinging
Top of the 4th over - 0 runs, 0 hits, 0 errors, 0 left on base; Milwaukee 3 - Charlotte 1
BOTTOM OF THE 4TH
Charlotte Knights batting - Pitching for Milwaukee Creams : LHP Teddy Higuera
Batting: RHB Ruben Rivera 0-0: Ball
1-0: Ground out 6-3 (Groundball, 6, EV 108.8 MPH)
Batting: SHB Neifi Perez 0-0: Ball
1-0: Ground out 6-3 (Groundball, 6, EV 84.4 MPH)
Batting: SHB Carl Everett 0-0: Foul Ball, location: 2F
0-1: Ball
1-1: Swinging Strike
1-2: Ball
2-2: Ball
3-2: Fly out, F8 (Line Drive, 8RM, EV 86.9 MPH)
Bottom of the 4th over - 0 runs, 0 hits, 0 errors, 0 left on base; Milwaukee 3 - Charlotte 1
TOP OF THE 5TH
Milwaukee Creams batting - Pitching for Charlotte Knights : RHP Kevin Tapani
Batting: RHB Rey Sanchez 0-0: Ball
1-0: DOUBLE (Line Drive, 8RD, EV 111.9 MPH)
Batting: LHB Tom Goodwin 0-0: Ball
1-0: Bunted foul
1-1: Bunted foul
1-2: Foul Ball, location: 2F
1-2: Ball
2-2: Foul Ball, location: 2F
2-2: Ball
3-2: Foul Ball, location: 2F
3-2: Foul Ball, location: 2F
3-2: SINGLE (Groundball, 3D, EV 101.9 MPH)
Rey Sanchez to third
Batting: RHB Mark Loretta 0-0: Ball
1-0: Foul Ball, location: 2F
1-1: Called Strike
1-2: Grounds into double play, 1-6-3 (Groundball, 23, EV 86.3 MPH)
Batting: SHB Chipper Jones 0-0: Foul Ball, location: 2F
0-1: Swinging Strike
0-2: Ball
1-2: Strikes out swinging
Top of the 5th over - 0 runs, 2 hits, 0 errors, 1 left on base; Milwaukee 3 - Charlotte 1
BOTTOM OF THE 5TH
Charlotte Knights batting - Pitching for Milwaukee Creams : LHP Teddy Higuera
Batting: LHB Jason Giambi 0-0: Ball
1-0: Bunted foul
1-1: Foul Ball, location: 2F
1-2: Strikes out swinging
Batting: RHB Shane Mack 0-0: Called Strike
0-1: Ball
1-1: Ball
2-1: Called Strike
2-2: Fly out, F7 (Line Drive, 7, EV 89.4 MPH)
Batting: RHB Nomar Garciaparra 0-0: Ball
1-0: Fly out, F6 (Popup, 6MD, EV 58.8 MPH)
Bottom of the 5th over - 0 runs, 0 hits, 0 errors, 0 left on base; Milwaukee 3 - Charlotte 1
TOP OF THE 6TH
Milwaukee Creams batting - Pitching for Charlotte Knights : RHP Kevin Tapani
Batting: SHB Ken Caminiti 0-0: Ball
1-0: Ball
2-0: Foul Ball, location: 2F
2-1: Ball
3-1: Base on Balls
Batting: LHB Carlos Delgado 0-0: DOUBLE (Line Drive, 89D, EV 99.4 MPH)
Ken Caminiti to third
Runner from 3rd tries for Home, SAFE, throw by RF to home
Batting: LHB John Elway 0-0: Called Strike
0-1: Foul Ball, location: 2F
0-2: Ball
1-2: Ball
2-2: Ground out U3 (Groundball, 3, EV 90.0 MPH)
Carlos Delgado to third
Batting: LHB Steve Finley 0-0: Called Strike
0-1: Ball
1-1: Ball
2-1: SINGLE (Flyball, 7S, EV 95.6 MPH)
Carlos Delgado scores
Batting: RHB Brad Ausmus 0-0: Called Strike
Steve Finley steals 2nd, throwing error, E2
Steve Finley to third
0-1: Ball
1-1: Ball
2-1: Ball
3-1: Base on Balls
Pitching: LHP Cliff Young
Batting: RHB Rey Sanchez 0-0: Grounds into double play, 4-6-3 (Groundball, 4, EV 84.4 MPH)
Top of the 6th over - 2 runs, 2 hits, 1 error, 1 left on base; Milwaukee 5 - Charlotte 1
BOTTOM OF THE 6TH
Charlotte Knights batting - Pitching for Milwaukee Creams : LHP Teddy Higuera
Batting: SHB David Segui 0-0: SINGLE (Groundball, 5D, EV 100.0 MPH)
Pitching: RHP Steve Bedrosian
Batting: RHB Tony Batista 0-0: Hit by Pitch
David Segui to second
Batting: RHB Todd Zeile 0-0: Called Strike
0-1: Ball
1-1: Grounds into double play, 6-4-3 (Groundball, 6, EV 100.6 MPH)
David Segui to third
Batting: RHB Ruben Rivera 0-0: Ball
1-0: Called Strike
1-1: Fly out, F8 (Line Drive, 8RD, EV 90.6 MPH)
Bottom of the 6th over - 0 runs, 1 hit, 0 errors, 1 left on base; Milwaukee 5 - Charlotte 1
TOP OF THE 7TH
Milwaukee Creams batting - Pitching for Charlotte Knights : LHP Cliff Young
Batting: LHB Tom Goodwin 0-0: Ball
1-0: Ball
2-0: Ball
3-0: Fly out, F7 (Flyball, 7D, EV 105.0 MPH)
Batting: RHB Mark Loretta 0-0: Swinging Strike
0-1: Ball
1-1: Ball
2-1: Swinging Strike
2-2: Strikes out swinging
Batting: SHB Chipper Jones 0-0: Foul Ball, location: 2F
0-1: Ball
1-1: Ball
2-1: SOLO HOME RUN (Flyball, 7D, EV 98.8 MPH), Distance : 370 ft
Batting: SHB Ken Caminiti 0-0: Ball
1-0: Foul Ball, location: 2F
1-1: Foul Ball, location: 2F
1-2: Ground out 6-3 (Groundball, 6, EV 92.5 MPH)
Top of the 7th over - 1 run, 1 hit, 0 errors, 0 left on base; Milwaukee 6 - Charlotte 1
BOTTOM OF THE 7TH
Charlotte Knights batting - Pitching for Milwaukee Creams : RHP Steve Bedrosian
Batting: SHB Neifi Perez 0-0: Ball
1-0: Called Strike
1-1: SINGLE (Flyball, 7S, EV 94.4 MPH)
Batting: SHB Carl Everett 0-0: Ball
1-0: Called Strike
1-1: Called Strike
1-2: Strikes out looking
Batting: LHB Jason Giambi 0-0: Called Strike
Neifi Perez is caught stealing 2nd base 2-6
0-1: Ball
1-1: Foul Ball, location: 2F
1-2: Fly out, F9 (Flyball, 9LS, EV 78.8 MPH)
Bottom of the 7th over - 0 runs, 1 hit, 0 errors, 0 left on base; Milwaukee 6 - Charlotte 1
TOP OF THE 8TH
Milwaukee Creams batting - Pitching for Charlotte Knights : LHP Cliff Young
Batting: LHB Carlos Delgado 0-0: Ball
1-0: Fly out, F7 (Flyball, 7LSF, EV 91.3 MPH)
Batting: LHB John Elway 0-0: Ball
1-0: Foul Ball, location: 2F
1-1: Ball
2-1: Ball
3-1: SOLO HOME RUN (Flyball, 89XD, EV 101.3 MPH), Distance : 429 ft
Batting: LHB Steve Finley 0-0: Foul Ball, location: 2F
0-1: Ball
1-1: SINGLE (Groundball, 4, EV 84.4 MPH) (infield hit)
Batting: RHB Brad Ausmus 0-0: Ball
1-0: Fly out, F7 (Flyball, 78S, EV 91.3 MPH)
Batting: RHB Rey Sanchez 0-0: Ball
1-0: Ground out 4-3 (Groundball, 4, EV 80.6 MPH)
Top of the 8th over - 1 run, 2 hits, 0 errors, 1 left on base; Milwaukee 7 - Charlotte 1
BOTTOM OF THE 8TH
Charlotte Knights batting - Pitching for Milwaukee Creams : RHP Steve Bedrosian
Batting: RHB Shane Mack 0-0: SINGLE (Line Drive, 7S, EV 100.6 MPH)
Batting: RHB Nomar Garciaparra 0-0: Ball
1-0: Ball
2-0: Ball
3-0: Ground out 4-3 (Groundball, 4S, EV 65.6 MPH)
Shane Mack to second
Batting: SHB David Segui 0-0: Ground out 1-3 (Groundball, 13S, EV 66.9 MPH)
Shane Mack to third
Batting: RHB Tony Batista 0-0: Swinging Strike
0-1: Called Strike
0-2: Foul Ball, location: 2F
0-2: Ball
1-2: Ball
2-2: Strikes out swinging
Bottom of the 8th over - 0 runs, 1 hit, 0 errors, 1 left on base; Milwaukee 7 - Charlotte 1
TOP OF THE 9TH
Milwaukee Creams batting - Pitching for Charlotte Knights : LHP Cliff Young
Batting: LHB Tom Goodwin 0-0: Ball
1-0: Ball
2-0: Ball
3-0: Called Strike
3-1: Ground out U3 (Groundball, 34, EV 88.1 MPH)
Batting: RHB Mark Loretta 0-0: Foul Ball, location: 2F
0-1: Ball
1-1: Ball
2-1: Ball
3-1: Ground out 6-3 (Groundball, 6, EV 88.8 MPH)
Batting: SHB Chipper Jones 0-0: Ball
1-0: Swinging Strike
1-1: Called Strike
1-2: Ball
2-2: SOLO HOME RUN (Line Drive, 78XD, EV 100.0 MPH), Distance : 408 ft
Batting: SHB Ken Caminiti 0-0: Swinging Strike
0-1: Ground out 6-3 (Groundball, 56D, EV 85.0 MPH)
Top of the 9th over - 1 run, 1 hit, 0 errors, 0 left on base; Milwaukee 8 - Charlotte 1
BOTTOM OF THE 9TH
Charlotte Knights batting - Pitching for Milwaukee Creams : RHP Steve Bedrosian
Batting: RHB Todd Zeile 0-0: Ball
1-0: Ball
2-0: Swinging Strike
2-1: Fly out, F7 (Line Drive, 7, EV 86.9 MPH)
Batting: RHB Ruben Rivera 0-0: Swinging Strike
0-1: Ground out 4-3 (Groundball, 4, EV 79.4 MPH)
Batting: SHB Neifi Perez 0-0: Fly out, F7 (Flyball, 78S, EV 96.3 MPH)
Bottom of the 9th over - 0 runs, 0 hits, 0 errors, 0 left on base; Milwaukee 8 - Charlotte 1
Thursday, March 5th, 2026 - OOTP Baseball 20.8 Build 74